 Dungeon Crawl Stone Soup version 0.24.0-125-gc4c63601f3 (webtiles) character file.

Game seed: 16770102788404728891, levelgen mode: deterministic

1198 Divind the Slasher (level 8, 0/70 HPs)
             Began as a Minotaur Fighter on Mar 12, 2020.
             Slain by Menkaure (5 damage)
             ... on level 6 of the Dungeon.
             The game lasted 00:09:33 (4413 turns).

Divind the Slasher (Minotaur Fighter)               Turns: 4413, Time: 00:09:34

Health: 0/70       AC: 11    Str: 21    XL:     8   Next: 20%
Magic:  7/7        EV:  7    Int:  5    God:
Gold:   125        SH: 10    Dex: 12    Spells: 7/7 levels left

rFire    . . .     SeeInvis .   a - +1 long sword
rCold    + . .     Gourm    .   c - +0 shield
rNeg     . . .     Faith    .   t - +0 chain mail
rPois    .         Spirit   .   (helmet restricted)
rElec    .         Reflect  .   (no cloak)
rCorr    .         Harm     .   (no gloves)
MR       .....                  p - +0 pair of boots
Stlth    ..........             (no amulet)
HPRegen  0.21/turn              q - ring of flight
MPRegen  0.10/turn              x - ring of protection from cold

@: no status effects
A: retaliatory headbutt, horns 2
a: Evoke Flight


You were on level 6 of the Dungeon.
You were not hungry.

You visited 1 branch of the dungeon, and saw 6 of its levels.

You collected 125 gold pieces.

Inventory:

Hand Weapons
 a - a +1 long sword (weapon)
Armour
 b - a +0 scale mail
 c - a +0 shield (worn)
 p - a +0 pair of boots (worn)
 t - a +0 chain mail (worn)
Jewellery
 q - a ring of flight (left hand)
 x - a ring of protection from cold (right hand)
Wands
 w - a wand of random effects (15)
Scrolls
 e - a scroll of teleportation
 g - 7 scrolls of remove curse
 k - a scroll of magic mapping {unknown}
 n - 2 scrolls of amnesia
 s - 2 scrolls of identify
 u - a scroll of acquirement {unknown}
Potions
 d - 2 potions of might
 h - a potion of experience {unknown}
 i - a potion of ambrosia {unknown}
 j - a potion of curing {unknown}
 l - a potion of degeneration {unknown}
 m - 2 potions of cancellation {unknown}
 o - 2 potions of resistance {unknown}
 r - a potion of haste {unknown}
 v - 2 potions of lignification
Comestibles
 f - 2 rations
 z - 6 chunks of flesh


   Skills:
 + Level 6.1 Fighting
 + Level 7.1 Long Blades
 + Level 6.0 Armour
 + Level 2.5 Dodging
 + Level 0.6 Stealth
 + Level 6.1 Shields
 + Level 2.2 Unarmed Combat


You had 7 spell levels left.
You didn't know any spells.
Your spell library was empty.

Dungeon Overview and Level Annotations

Branches:
Dungeon (6/15)
 Temple: D:4-7

Altars:
Makhleb
Qazlal

Annotations:
D:6 Menkaure


Innate Abilities, Weirdness & Mutations

You reflexively headbutt those who attack you in melee.
You have a pair of horns on your head.


Message History

You kill the gnoll!
You block the gnoll's attack.
Menkaure calls on the powers of darkness!
The gnoll convulses!
Your body is wracked with pain!
The gnoll hits you but does no damage.
You see here a +0 flail.
You slash the gnoll!
You kill the gnoll!
Menkaure mumbles drily.
Menkaure calls on the powers of darkness!
Your body is wracked with pain!
* * * LOW HITPOINT WARNING * * *
You see here a +1 spear of piercing.
Menkaure hits you!
* * * LOW HITPOINT WARNING * * *
You see here 19 gold pieces.
You hit Menkaure.
Menkaure is lightly damaged.
Menkaure hits you but does no damage. Menkaure hits you.
You die...

..#. . .#. . ..# .# #.. ##.
..≈≈ ..#.. ...≈# ## ... .....+
###.) #M# ....≈ ##≈
.....##@####..# ≈≈≈≈
......#)......##...
##.).........# .
#..).........##.##
..................#..#
.####......#........#
#......##........##
....###....#.......###.........
...........#........##.........


You could see Menkaure.

Vanquished Creatures
  Sigmund (D:6)
  Edmund (D:5)
  An orc warrior (D:5)
  A sky beast (D:6)
  An ogre (D:5)
  A gnoll sergeant (D:5)
  A howler monkey (D:5)
  A crimson imp (D:5)
  Crazy Yiuf (D:5)
  2 hounds
  2 bullfrog skeletons (D:4)
  An iguana (D:3)
  2 worker ants
  A hound zombie (D:5)
  Robin (D:2)
  4 adders
  11 gnolls
  An adder skeleton (D:4)
  6 worms
  2 dart slugs (D:1)
  2 leopard geckos (D:2)
  12 orcs
  9 bats
  16 giant cockroaches
  10 goblins
  5 hobgoblins
  9 jackals
  6 kobolds
  2 quokkas (D:2)
  2 ball pythons
  3 frilled lizards
  5 rats
123 creatures vanquished.

Notes
Turn   | Place    | Note
-------+----------+-------------------------------------------
     0 | D:1      | Divind the Minotaur Fighter began the quest for the Orb.
     0 | D:1      | Reached XP level 1. HP: 19/19 MP: 0/0
   114 | D:1      | Reached XP level 2. HP: 21/27 MP: 1/1
   580 | D:2      | Reached XP level 3. HP: 33/33 MP: 2/2
   632 | D:2      | Found a stormy altar of Qazlal.
   723 | D:2      | Noticed Robin
   739 | D:2      | Reached skill level 3 in Long Blades
   746 | D:2      | Killed Robin
   746 | D:2      | Reached XP level 4. HP: 28/41 MP: 3/3
   993 | D:2      | Reached skill level 4 in Long Blades
   993 | D:2      | Reached XP level 5. HP: 38/47 MP: 4/4
  1080 | D:2      | Found a burning altar of Makhleb.
  1312 | D:3      | Reached skill level 5 in Shields
  1682 | D:3      | Reached skill level 1 in Dodging
  2325 | D:4      | Reached XP level 6. HP: 53/53 MP: 5/5
  2380 | D:4      | Reached skill level 5 in Fighting
  2570 | D:4      | Reached skill level 5 in Long Blades
  2757 | D:5      | Entered Level 5 of the Dungeon
  2824 | D:5      | Noticed Edmund
  2880 | D:5      | Killed Edmund
  3173 | D:5      | Reached XP level 7. HP: 61/61 MP: 6/6
  3368 | D:5      | You fall into a shaft and drop 1 floor!
  3396 | D:6      | Reached skill level 6 in Long Blades
  3396 | D:6      | Reached skill level 5 in Armour
  3427 | D:6      | Noticed Sigmund
  3442 | D:6      | Killed Sigmund
  3442 | D:6      | Reached skill level 1 in Unarmed Combat
  3783 | D:5      | Found a runed translucent door.
  3784 | D:5      | Noticed Crazy Yiuf
  3794 | D:5      | Killed Crazy Yiuf
  3955 | D:5      | Reached XP level 8. HP: 19/70 MP: 7/7
  4240 | D:5      | Reached skill level 7 in Long Blades
  4405 | D:6      | Noticed Menkaure
  4413 | D:6      | Slain by Menkaure

Levels and vault maps discovered:
D:1:      kilobyte_arrival_exit_the_forest, layout_rooms
D:2:      layout_loops_ring, grunt_qazlal_sundering,
          makhleb_blood_cavern_becter, minmay_crystal_room, uniq_robin
D:3:      minmay_roachtagon, layout_loops_ring
D:4:      layout_loops_cross
D:5:      layout_loops_corners, first_ration, roderic_lattice_a,
          uniq_crazy_yiuf_cottage, uniq_edmund
D:6:      layout_cave_pools, kennysheep_mini_moat, uniq_sigmund, uniq_menkaure

Skill      XL: |  1  2  3  4  5  6  7  8 |
---------------+-------------------------+-----
Fighting       | 4 5 6 |  6.1
Shields        | 4 5 6 |  6.1
Armour         | 4 5 6 |  6.0
Long Blades    | 3 4 5 6 7 |  7.1
Dodging        | 1 2 |  2.5
Unarmed Combat | 2 |  2.2
Stealth        | |  0.6

Action                   |  1- 3 |  4- 6 |  7- 9 || total
-------------------------+-------+-------+-------++-------
Melee: Long sword        |    90 |   164 |   110 ||   364
       Headbutt          |    11 |    27 |    28 ||    66
       Unarmed           |       |    22 |       ||    22
  Use: Scroll            |       |     7 |       ||     7
  Eat: Chunk             |       |     4 |     3 ||     7
       Ration            |       |     1 |     1 ||     2
Armor: Scale mail        |    42 |    45 |       ||    87
       Chain mail        |       |    22 |    41 ||    63
Dodge: Dodged            |    30 |    42 |    21 ||    93
Block: Shield            |    54 |    96 |    37 ||   187
       Rpst.: Long sword |     9 |     9 |     4 ||    22
